TOP OF THE 1ST |
Columbia 08s batting - Pitching for Barry's Bay Orioles : RHP Neil Snow
|
Pitching: RHP Neil Snow
|
|
Batting: RHB Irving Galloway
|
0-0: Called Strike 0-1: Foul Ball, location: 2F 0-2: Ball 1-2: Foul Ball, location: 2F 1-2: Foul Ball, location: 2F 1-2: Ground out U3 (Groundball, 3S)
|
Batting: RHB Ramiro Chávez
|
0-0: Ball 1-0: Foul Ball, location: 2F 1-1: SINGLE (Line Drive, 56)
|
Batting: RHB Joel Carlson
|
0-0: Ball 1-0: Grounds into double play, 6-4-3 (Groundball, 6)
|
Top of the 1st over - 0 run(s), 1 hit(s), 0 error(s), 0 left on base; Columbia 0 - Barry's Bay 0 |
BOTTOM OF THE 1ST |
Barry's Bay Orioles batting - Pitching for Columbia 08s : RHP Tim Hill
|
Pitching: RHP Tim Hill
|
|
Batting: RHB Juan Méndez
|
0-0: Called Strike 0-1: Bunt for hit - play at first, batter OUT! 1-3
|
Batting: RHB Curt Wagner
|
0-0: DOUBLE (Line Drive, 7LS)
|
Batting: LHB Javier Orozco
|
0-0: Ground out 4-3 (Groundball, 4) Curt Wagner to third
|
Batting: RHB Tom Hughes
|
0-0: Ball 1-0: Ball 2-0: Called Strike 2-1: Ball 3-1: Called Strike 3-2: Base on Balls
|
Batting: SHB Walt Simmons
|
0-0: Foul Ball, location: 2F 0-1: Foul Ball, location: 2F 0-2: Ball 1-2: Ball 2-2: Ball 3-2: Ground out 4-3 (Groundball, 4)
|
Bottom of the 1st over - 0 run(s), 1 hit(s), 0 error(s), 2 left on base; Columbia 0 - Barry's Bay 0 |
TOP OF THE 2ND |
Columbia 08s batting - Pitching for Barry's Bay Orioles : RHP Neil Snow
|
Batting: RHB Jim Beck
|
0-0: Ball 1-0: Ball 2-0: Ball 3-0: Base on Balls
|
Batting: RHB Martín Pérez
|
0-0: Foul Ball, location: 2F 0-1: Ball 1-1: Foul Ball, location: 2F 1-2: Ball 2-2: Ball 3-2: Strikes out looking
|
Batting: LHB Daniel Carter
|
0-0: Foul Ball, location: 2F 0-1: Called Strike 0-2: SINGLE (Groundball, 34D) Jim Beck to second Runner from 2nd tries for 3rd, SAFE, throw made to third
|
Batting: SHB William Hamilton
|
0-0: Ball 1-0: Fly out, F9 (Flyball, 9M) Throwing error, E9 Jim Beck scores Daniel Carter to second
|
Batting: RHB José Orozco
|
0-0: Ball 1-0: Foul Ball, location: 2F 1-1: Ball 2-1: Fly out, F7 (Flyball, 7D)
|
Top of the 2nd over - 1 run(s), 1 hit(s), 1 error(s), 1 left on base; Columbia 1 - Barry's Bay 0 |
BOTTOM OF THE 2ND |
Barry's Bay Orioles batting - Pitching for Columbia 08s : RHP Tim Hill
|
Batting: LHB John Horton
|
0-0: Ball 1-0: Swinging Strike 1-1: Ball 2-1: Foul Ball, location: 2F 2-2: Ball 3-2: Base on Balls
|
Batting: LHB Dave Gordon
|
0-0: Ball 1-0: Ground out 5-3 (Groundball, 5S) John Horton to second
|
Batting: RHB Jeremy Flemming
|
0-0: Ball 1-0: SINGLE (Groundball, 56) John Horton to third Runner from 3rd tries for Home, SAFE, throw made home
|
Batting: LHB Martin Short
|
0-0: Ball Jeremy Flemming steals 2nd base 1-0: Ground out 4-3 (Groundball, 34) Jeremy Flemming to third
|
Batting: RHB Juan Méndez
|
0-0: Ball 1-0: Foul Ball, location: 2F 1-1: Ground out 5-3 (Groundball, 56)
|
Bottom of the 2nd over - 1 run(s), 1 hit(s), 0 error(s), 1 left on base; Columbia 1 - Barry's Bay 1 |
TOP OF THE 3RD |
Columbia 08s batting - Pitching for Barry's Bay Orioles : RHP Neil Snow
|
Batting: RHB António Cruz
|
0-0: Ball 1-0: Swinging Strike 1-1: Ball 2-1: Called Strike 2-2: Foul Ball, location: 2F 2-2: Ball 3-2: Foul Ball, location: 2F 3-2: Strikes out looking
|
Batting: RHB Irving Galloway
|
0-0: Ball 1-0: Ground out 4-3 (Groundball, 4)
|
Batting: RHB Ramiro Chávez
|
0-0: Called Strike 0-1: Ball 1-1: Called Strike 1-2: Ball 2-2: Ground out 5-3 (Groundball, 5)
|
Top of the 3rd over - 0 run(s), 0 hit(s), 0 error(s), 0 left on base; Columbia 1 - Barry's Bay 1 |
BOTTOM OF THE 3RD |
Barry's Bay Orioles batting - Pitching for Columbia 08s : RHP Tim Hill
|
Batting: RHB Curt Wagner
|
0-0: Fly out, F7 (Flyball, 78D)
|
Batting: LHB Javier Orozco
|
0-0: Called Strike 0-1: Ball 1-1: Ball 2-1: DOUBLE (Groundball, 3L)
|
Batting: RHB Tom Hughes
|
0-0: SINGLE (Groundball, 6MD) Javier Orozco to third Runner from 3rd tries for Home, SAFE, no throw or cutoff
|
Batting: SHB Walt Simmons
|
0-0: Foul Ball, location: 2F 0-1: Ball 1-1: Called Strike 1-2: Ball 2-2: Foul Ball, location: 2F 2-2: Ball 3-2: Foul Ball, location: 2F 3-2: Base on Balls Tom Hughes to second
|
Batting: LHB John Horton
|
0-0: DOUBLE (Groundball, 3L) Tom Hughes scores Walt Simmons to third
|
Batting: LHB Dave Gordon
|
0-0: Ball 1-0: Called Strike 1-1: Ball 2-1: Foul Ball, location: 2F 2-2: Ball 3-2: Foul Ball, location: 2F 3-2: SINGLE (Groundball, 56D) Walt Simmons scores John Horton to third Runner from 3rd tries for Home, SAFE, throw made home
|
Batting: RHB Jeremy Flemming
|
0-0: Ball 1-0: Called Strike 1-1: Ball 2-1: Called Strike 2-2: Fly out, F8 (Flyball, 8RM)
|
Batting: LHB Martin Short
|
0-0: Called Strike 0-1: Called Strike 0-2: Fly out, F7 (Flyball, 7M)
|
Bottom of the 3rd over - 4 run(s), 4 hit(s), 0 error(s), 1 left on base; Columbia 1 - Barry's Bay 5 |
TOP OF THE 4TH |
Columbia 08s batting - Pitching for Barry's Bay Orioles : RHP Neil Snow
|
Batting: RHB Joel Carlson
|
0-0: Called Strike 0-1: Called Strike 0-2: Strikes out looking
|
Batting: RHB Jim Beck
|
0-0: SOLO HOME RUN (Line Drive, 78XD), Distance : 376 ft
|
Batting: RHB Martín Pérez
|
0-0: Ball 1-0: Hit by Pitch
|
Pitching: RHP Rob Young
|
|
Pinch Runner at 1st Colm Massey:
|
|
Batting: LHB Daniel Carter
|
0-0: Called Strike 0-1: SINGLE (Line Drive, 78M) Colm Massey to second
|
Batting: SHB William Hamilton
|
0-0: Called Strike 0-1: Ball 1-1: Ball 2-1: Ball 3-1: Base on Balls Colm Massey to third Daniel Carter to second
|
Batting: RHB José Orozco
|
0-0: Called Strike 0-1: Ball 1-1: Called Strike 1-2: Foul Ball, location: 2F 1-2: Ball 2-2: Strikes out swinging
|
Batting: RHB António Cruz
|
0-0: Called Strike 0-1: Foul Ball, location: 2F 0-2: Foul Ball, location: 2F 0-2: Ball 1-2: Foul Ball, location: 2F 1-2: Ball 2-2: Strikes out swinging
|
Top of the 4th over - 1 run(s), 2 hit(s), 0 error(s), 3 left on base; Columbia 2 - Barry's Bay 5 |
BOTTOM OF THE 4TH |
Barry's Bay Orioles batting - Pitching for Columbia 08s : RHP Tim Hill
|
Now at SS: Colm Massey
|
|
Batting: RHB Juan Méndez
|
0-0: Called Strike 0-1: Ground out 4-3 (Groundball, 4)
|
Batting: RHB Curt Wagner
|
0-0: SINGLE (Groundball, 56D)
|
Batting: LHB Javier Orozco
|
0-0: Ball 1-0: SINGLE (Line Drive, 4D) Curt Wagner to second
|
Batting: RHB Tom Hughes
|
0-0: Reached on error, E6 (Groundball, 6M) Curt Wagner to third Javier Orozco to second
|
Batting: SHB Walt Simmons
|
0-0: Called Strike 0-1: Ball 1-1: Ball 2-1: Foul Ball, location: 2F 2-2: Foul Ball, location: 2F 2-2: Foul Ball, location: 2F 2-2: Strikes out swinging
|
Batting: LHB John Horton
|
0-0: Foul Ball, location: 2F 0-1: Ground out 4-3 (Groundball, 4)
|
Bottom of the 4th over - 0 run(s), 2 hit(s), 1 error(s), 3 left on base; Columbia 2 - Barry's Bay 5 |
TOP OF THE 5TH |
Columbia 08s batting - Pitching for Barry's Bay Orioles : RHP Rob Young
|
Batting: RHB Irving Galloway
|
0-0: SINGLE (Flyball, 6MD)
|
Batting: RHB Ramiro Chávez
|
0-0: Ball 1-0: Fly out, F7 (Flyball, 7S)
|
Batting: RHB Joel Carlson
|
0-0: Ball 1-0: Ball 2-0: Called Strike 2-1: Called Strike 2-2: Ball 3-2: Strikes out swinging
|
Batting: RHB Jim Beck
|
0-0: Foul Ball, location: 2F 0-1: Ball 1-1: Ball 2-1: Ball 3-1: Called Strike 3-2: Base on Balls Irving Galloway to second
|
Batting: LHB Colm Massey
|
0-0: Ball 1-0: Foul Ball, location: 2F 1-1: SINGLE (Groundball, 4S) (infield hit) Irving Galloway to third Jim Beck to second
|
Batting: LHB Daniel Carter
|
0-0: Ball 1-0: Ball 2-0: Ball 3-0: Called Strike 3-1: Swinging Strike 3-2: Base on Balls Irving Galloway scores Jim Beck to third Colm Massey to second
|
Batting: SHB William Hamilton
|
0-0: Ball 1-0: Called Strike 1-1: SINGLE (Line Drive, 6M) Jim Beck scores Colm Massey to third Daniel Carter to second Runner from 3rd tries for Home, SAFE, no throw or cutoff
|
Batting: RHB José Orozco
|
0-0: Called Strike 0-1: Swinging Strike 0-2: Ball 1-2: Strikes out swinging
|
Top of the 5th over - 3 run(s), 3 hit(s), 0 error(s), 2 left on base; Columbia 5 - Barry's Bay 5 |
BOTTOM OF THE 5TH |
Barry's Bay Orioles batting - Pitching for Columbia 08s : RHP Tim Hill
|
Batting: LHB Dave Gordon
|
0-0: Called Strike 0-1: Called Strike 0-2: Ball 1-2: SINGLE (Flyball, 7LM)
|
Batting: RHB Jeremy Flemming
|
0-0: Called Strike 0-1: Swinging Strike 0-2: Grounds into double play, 4-6-3 (Groundball, 4)
|
Batting: LHB Martin Short
|
0-0: Called Strike 0-1: Ball 1-1: Ball 2-1: Foul Ball, location: 2F 2-2: Foul Ball, location: 2F 2-2: Ball 3-2: Base on Balls
|
Pitching: LHP Mike Stevens
|
|
Batting: RHB Juan Méndez
|
0-0: Called Strike Martin Short steals 2nd base 0-1: Swinging Strike 0-2: Ball 1-2: Ball 2-2: Ball 3-2: Strikes out swinging
|
Bottom of the 5th over - 0 run(s), 1 hit(s), 0 error(s), 1 left on base; Columbia 5 - Barry's Bay 5 |
TOP OF THE 6TH |
Columbia 08s batting - Pitching for Barry's Bay Orioles : RHP Rob Young
|
Pitching: RHP Chad Weber
|
|
Batting: RHB António Cruz
|
0-0: Ball 1-0: Foul Ball, location: 2F 1-1: Ball 2-1: Ball 3-1: Foul Ball, location: 2F 3-2: Strikes out looking
|
Batting: RHB Irving Galloway
|
0-0: Ball 1-0: Fly out, F4 (Popup, 4)
|
Batting: RHB Ramiro Chávez
|
0-0: Ball 1-0: Called Strike 1-1: Called Strike 1-2: Foul Ball, location: 2F 1-2: Ball 2-2: Ball 3-2: Foul Ball, location: 2F 3-2: Foul Ball, location: 2F 3-2: Strikes out swinging
|
Top of the 6th over - 0 run(s), 0 hit(s), 0 error(s), 0 left on base; Columbia 5 - Barry's Bay 5 |
BOTTOM OF THE 6TH |
Barry's Bay Orioles batting - Pitching for Columbia 08s : LHP Mike Stevens
|
Batting: RHB Curt Wagner
|
0-0: Ground out 6-3 (Groundball, 6)
|
Batting: LHB Javier Orozco
|
0-0: SINGLE (Groundball, 34D)
|
Batting: RHB Tom Hughes
|
0-0: Called Strike 0-1: Swinging Strike 0-2: Ball 1-2: Ball 2-2: Foul Ball, location: 2F 2-2: Ball 3-2: Foul Ball, location: 2F 3-2: Foul Ball, location: 2F 3-2: Base on Balls Javier Orozco to second
|
Batting: SHB Walt Simmons
|
0-0: Ball 1-0: SINGLE (Groundball, 6M) Javier Orozco to third Tom Hughes to second Runner from 3rd tries for Home, SAFE, no throw or cutoff
|
Batting: LHB John Horton
|
0-0: Ball 1-0: Foul Ball, location: 2F 1-1: Swinging Strike 1-2: Fly out, F7 (Flyball, 78M)
|
Batting: LHB Dave Gordon
|
0-0: Ball 1-0: DOUBLE (Line Drive, 89M) Tom Hughes scores Walt Simmons to third Runner from 3rd tries for Home, SAFE, no throw or cutoff
|
Pitching: LHP Dwight Livingston
|
|
Batting: RHB Jeremy Flemming
|
0-0: Called Strike 0-1: Ball 1-1: Ball 2-1: Swinging Strike 2-2: Foul Ball, location: 2F 2-2: Strikes out swinging
|
Bottom of the 6th over - 3 run(s), 3 hit(s), 0 error(s), 1 left on base; Columbia 5 - Barry's Bay 8 |
TOP OF THE 7TH |
Columbia 08s batting - Pitching for Barry's Bay Orioles : RHP Chad Weber
|
Batting: RHB Joel Carlson
|
0-0: Called Strike 0-1: Ground out 6-3 (Groundball, 6)
|
Batting: RHB Jim Beck
|
0-0: Called Strike 0-1: Ball 1-1: Called Strike 1-2: Ball 2-2: Foul Ball, location: 2F 2-2: Ball 3-2: Base on Balls
|
Batting: LHB Colm Massey
|
0-0: Ball 1-0: Foul Ball, location: 2F 1-1: Foul Ball, location: 2F 1-2: Ball 2-2: Foul Ball, location: 2F 2-2: Grounds into double play, 1-4-3 (Groundball, 13)
|
Top of the 7th over - 0 run(s), 0 hit(s), 0 error(s), 0 left on base; Columbia 5 - Barry's Bay 8 |
BOTTOM OF THE 7TH |
Barry's Bay Orioles batting - Pitching for Columbia 08s : LHP Dwight Livingston
|
Batting: LHB Martin Short
|
0-0: Called Strike 0-1: Fly out, F8 (Flyball, 8LM)
|
Batting: RHB Juan Méndez
|
0-0: Called Strike 0-1: Called Strike 0-2: Strikes out swinging, 2-3 out at first.
|
Batting: RHB Curt Wagner
|
0-0: Called Strike 0-1: Foul Ball, location: 2F 0-2: Ground out U3 (Groundball, 3)
|
Bottom of the 7th over - 0 run(s), 0 hit(s), 0 error(s), 0 left on base; Columbia 5 - Barry's Bay 8 |
TOP OF THE 8TH |
Columbia 08s batting - Pitching for Barry's Bay Orioles : RHP Chad Weber
|
Pitching: RHP Christian Wright
|
|
Batting: LHB Daniel Carter
|
0-0: Ball 1-0: Foul Ball, location: 2F 1-1: Foul Ball, location: 2F 1-2: Foul Ball, location: 2F 1-2: Ball 2-2: Foul Ball, location: 2F 2-2: SINGLE (Line Drive, 34D)
|
Pitching: RHP Daniel Betteridge
|
|
Batting: SHB William Hamilton
|
0-0: Called Strike 0-1: Ball 1-1: Ball 2-1: Grounds out, U3 (Groundball, 3L)
|
Batting: RHB José Orozco
|
0-0: Ball 1-0: Foul Ball, location: 2F 1-1: Fly out, F9 (Flyball, 89M)
|
Batting: RHB António Cruz
|
0-0: Called Strike 0-1: Ball 1-1: Ball 2-1: Ball 3-1: Base on Balls
|
Batting: RHB Irving Galloway
|
0-0: Fielders Choice at 2nd, U6 (Groundball, 6M)
|
Top of the 8th over - 0 run(s), 1 hit(s), 0 error(s), 2 left on base; Columbia 5 - Barry's Bay 8 |
BOTTOM OF THE 8TH |
Barry's Bay Orioles batting - Pitching for Columbia 08s : LHP Dwight Livingston
|
Batting: LHB Javier Orozco
|
0-0: Foul Ball, location: 2F 0-1: Foul Ball, location: 2F 0-2: Ball 1-2: Ball 2-2: Foul Ball, location: 2F 2-2: Ball 3-2: Fly out, F6 (Popup, 6MD)
|
Batting: RHB Tom Hughes
|
0-0: Ball 1-0: Ball 2-0: Called Strike 2-1: Called Strike 2-2: Foul Ball, location: 2F 2-2: Foul Ball, location: 2F 2-2: Ground out 6-3 (Groundball, 6)
|
Batting: SHB Walt Simmons
|
0-0: Swinging Strike 0-1: Foul Ball, location: 2F 0-2: Ball 1-2: Strikes out looking
|
Bottom of the 8th over - 0 run(s), 0 hit(s), 0 error(s), 0 left on base; Columbia 5 - Barry's Bay 8 |
TOP OF THE 9TH |
Columbia 08s batting - Pitching for Barry's Bay Orioles : RHP Daniel Betteridge
|
Pitching: LHP Ben Turner
|
|
Batting: RHB Ramiro Chávez
|
0-0: Called Strike 0-1: Ball 1-1: Ball 2-1: Ball 3-1: Foul Ball, location: 2F 3-2: Foul Ball, location: 2F 3-2: Fly out, F8 (Flyball, 8LM)
|
Batting: RHB Joel Carlson
|
0-0: DOUBLE (Line Drive, 8RM)
|
Batting: RHB Jim Beck
|
0-0: Ball Wild Pitch! Joel Carlson to third 1-0: Foul Ball, location: 2F 1-1: Ball 2-1: Called Strike 2-2: Fly out, F9 (Flyball, 9S)
|
Batting: LHB Colm Massey
|
0-0: Ball 1-0: Ball 2-0: Ball 3-0: Called Strike 3-1: Swinging Strike 3-2: Fly out, F7 (Flyball, 78M)
|
Top of the 9th over - 0 run(s), 1 hit(s), 0 error(s), 1 left on base; Columbia 5 - Barry's Bay 8 |
|